 Dungeon Crawl Stone Soup version 0.29.0-4-gdea44cf6ec (webtiles) character file.

Game seed: 10903889509180827740

450 NinjaNoafa the Magician (level 7, -3/49 HPs)
             Began as a Djinni Hedge Wizard on Aug 26, 2022.
             Slain by Menkaure (22 damage)
             ... on level 4 of the Dungeon.
             The game lasted 00:14:26 (5321 turns).

NinjaNoafa the Magician (Djinni Hedge Wizard)       Turns: 5321, Time: 00:14:26

Health: -3/49      AC:  4    Str:  8    XL:     7   Next: 25%
Gold:   187        EV: 12    Int: 13    God:
                   SH:  0    Dex: 16

rFire   + + .      SeeInvis .   s - staff of earth
rCold   x . .      Faith    .   (no shield)
rNeg    . . .      Spirit   .   b - +1 robe
rPois   ∞          Reflect  .   d - +0 helmet
rElec   .          Harm     .   (no cloak)
rCorr   .          Rampage  .   (no gloves)
Will    .....                   (boots unavailable)
Stlth   ++........              j - amulet of the acrobat
HPRegen 0.16/turn               (no ring)
MPRegen 0.00/turn               (no ring)

@: flying
A: sickness immunity, fire resistance 2, cold vulnerability 1, float, innate
caster, HP casting, extra vitality 1, agile 1, dopey 2
a: no special abilities


You were on level 4 of the Dungeon.
You visited 1 branch of the dungeon, and saw 4 of its levels.

You collected 187 gold pieces.

Inventory:

Hand Weapons
 a - a +0 dagger
Missiles
 h - 44 stones
 m - 4 javelins
Armour
 b - a +1 robe (worn)
 d - a +0 helmet (worn)
Magical Staves
 s - a staff of earth (weapon)
Jewellery
 j - an amulet of the acrobat (around neck)
Scrolls
 e - a scroll of vulnerability
 i - a scroll of noise
Potions
 c - a potion of resistance {unknown}
 g - a potion of ambrosia


   Skills:
 - Level 2.0 Fighting
 - Level 2.1 Dodging
 - Level 1.5 Stealth
 + Level 5.6 Spellcasting


You couldn't memorise any spells.
You knew the following spells:

 Your Spells              Type           Power      Damage    Failure   Level
a - Magic Dart            Conj           72%        1d6       1%          1
b - Blink                 Tloc           36%        N/A       2%          2
c - Call Imp              Summ           18%        N/A       2%          2
d - Slow                  Hex            72%        N/A       1%          1
e - Conjure Flame         Conj/Fire      18%        6-21      4%          3
f - Mephitic Cloud        Conj/Pois/Air  18%        N/A       4%          3
g - Sandblast             Erth           54%        2d13      1%          1
h - Searing Ray           Conj           36%        2d5       2%          2
i - Dazzling Flash        Conj/Hex       36%        N/A       4%          3
Your spell library was empty.

Dungeon Overview and Level Annotations

Branches:
Dungeon (4/15)
 Temple: D:4-7

Altars:
Ashenzari
Nemelex Xobeh

Annotations:
D:4 Menkaure


Innate Abilities, Weirdness & Mutations

You are immune to sickness and miasma.
You are immune to poison.
Your flesh is very heat resistant. (rF++)
You are vulnerable to cold. (rC-)
You float through the air rather than walking.
You learn spells naturally, not from books.
Your magical power is your life essence.
You have superior vitality. (+4 MHP)
You are agile. (Dex +4, Str/Int -1)
You are very dopey. (Int -4)


Message History

Menkaure attacks as you move away! Menkaure hits you.
Menkaure completely misses you.
Your white imp gestures at Menkaure.
The puff of frost hits Menkaure.
Menkaure resists.
Casting: Call Imp (safe; 2% risk of failure)
Confirm with . or Enter, or press ? or * to list all spells.
Aiming: Slow (safe; 1% risk of failure)
Press: ? - help, Shift-Dir - straight line, f - Menkaure
Aim: Menkaure (lightly damaged, fast, not watching you, ally target, chance to affect: 58%) Menkaure resists with significant effort.
Menkaure closely misses you.
Your white imp hits Menkaure.
Your white imp freezes Menkaure.
Menkaure resists.
Casting: Slow (safe; 1% risk of failure)
Confirm with . or Enter, or press ? or * to list all spells.
Aiming: Slow (safe; 1% risk of failure)
Press: ? - help, Shift-Dir - straight line, f/p - Menkaure
Aim: Menkaure (moderately damaged, fast, ally target, chance to affect: 58%) Menkaure resists with significant effort.
Menkaure mumbles, "It doesn't hurt if you pull your brain out of your nose yourself."
Menkaure casts a spell at you.
You struggle to resist.
Your white imp gestures at Menkaure.
The puff of frost hits Menkaure.
Menkaure resists.
Casting: Slow (safe; 1% risk of failure)
Confirm with . or Enter, or press ? or * to list all spells.
Aiming: Slow (safe; 1% risk of failure)
Press: ? - help, Shift-Dir - straight line, f/p - Menkaure
Aim: Menkaure (heavily damaged, fast, ally target, chance to affect: 58%) Menkaure resists with significant effort.
Menkaure hits you.
Your white imp hits Menkaure but does no damage.
Unknown command.
Casting: Slow (safe; 1% risk of failure)
Confirm with . or Enter, or press ? or * to list all spells.
Aiming: Sandblast (safe; 1% risk of failure)
Press: ? - help, Shift-Dir - straight line, f/p - Menkaure
Aim: Menkaure (heavily damaged, fast, ally target, 92% to hit)
You feel a surge of power!
The blast of sand misses Menkaure.
Menkaure hits you!!
You die...

###...# #......
##
#.....###..)##.
...##............
#................
###..............
#####..........
#_#..........
?#.#.85)..†...#
.......M@....##
.......#.....#
.#.#.8........#
#_#.#.####..... #
###.# .#... ..
##.. ##. .. #.


You could see Menkaure (fast, ally target) and a friendly white imp (summoned).

Vanquished Creatures
  Sigmund (D:3)
  Blork the orc (D:4)
  Terence (D:3)
  Natasha (twice) (D:2)
  4 adders
  An ufetubus (D:4)
  2 worms
  4 dart slugs (D:1)
  3 orcs (D:3)
  8 bats
  5 endoplasms
  3 giant cockroaches
  8 goblins
  6 hobgoblins
  11 jackals
  A quokka (D:2)
  4 ball pythons
  2 frilled lizards (D:2)
  4 kobolds
  3 rats
74 creatures vanquished.

Vanquished Creatures (collateral kills)
  Natasha (D:2)
  A dart slug (D:3)
  An orc (D:3)
  A jackal (D:1)
  A quokka (D:1)
  A ball python (D:3)
  A rat (D:3)
7 creatures vanquished.

Grand Total: 81 creatures vanquished

Notes
Turn   | Place    | Note
-------+----------+-------------------------------------------
     0 | D:1      | NinjaNoafa the Djinni Hedge Wizard began the quest for the
                  | Orb.
     0 | D:1      | NinjaNoafa set off with the following spells memorised:
                  | Magic Dart, Blink, Call Imp, Slow, Conjure Flame, Mephitic
                  | Cloud.
     0 | D:1      | Reached XP level 1. HP: 15/15 MP: 0/0
   120 | D:1      | Reached skill level 1 in Fighting
   251 | D:1      | Reached XP level 2. HP: 13/23 MP: 0/0
   970 | D:1      | Reached XP level 3. HP: 25/28 MP: 0/0
   970 | D:1      | Learned a level 1 spell: Sandblast
  1566 | D:1      | Reached skill level 3 in Spellcasting
  2037 | D:2      | Reached XP level 4. HP: 16/33 MP: 0/0
  2314 | D:2      | Noticed Natasha
  2336 | D:2      | Gained mutation: Your muscles are strong. (Str +4, Int/Dex
                  | -1) [potion of mutation]
  2336 | D:2      | Gained mutation: You are dopey. (Int -2) [potion of
                  | mutation]
  2336 | D:2      | Gained mutation: You have hidden genetic potential. [potion
                  | of mutation]
  2339 | D:2      | Killed Natasha
  2357 | D:2      | Noticed Natasha
  2379 | D:2      | Killed Natasha
  2673 | D:2      | Noticed Natasha
  2678 | D:2      | Killed Natasha
  2679 | D:2      | Reached XP level 5. HP: 31/38 MP: 0/0
  2679 | D:2      | Learned a level 2 spell: Searing Ray
  2685 | D:2      | Gained mutation: Your spells are a little harder to cast,
                  | but a little more powerful. [hidden potential]
  2752 | D:2      | Found a faded altar of an unknown god.
  2974 | D:2      | Reached skill level 4 in Spellcasting
  3520 | D:3      | Lost mutation: Your muscles are strong. (Str +4, Int/Dex
                  | -1) [potion of mutation]
  3520 | D:3      | Lost mutation: Your spells are a little harder to cast, but
                  | a little more powerful. [potion of mutation]
  3520 | D:3      | Gained mutation: You are very dopey. (Int -4) [potion of
                  | mutation]
  3635 | D:3      | Noticed Terence
  3651 | D:3      | Killed Terence
  3755 | D:3      | Reached XP level 6. HP: 20/43 MP: 0/0
  3959 | D:3      | Noticed Sigmund
  3981 | D:3      | Killed Sigmund
  3982 | D:3      | Reached skill level 5 in Spellcasting
  3983 | D:3      | Gained mutation: You are agile. (Dex +4, Str/Int -1)
                  | [hidden potential]
  3983 | D:3      | Lost mutation: You have hidden genetic potential. [hidden
                  | potential expressed]
  4805 | D:3      | Reached XP level 7. HP: 49/49 MP: 0/0
  4805 | D:3      | Learned a level 3 spell: Dazzling Flash
  5107 | D:4      | Noticed Blork the orc
  5117 | D:4      | Killed Blork the orc
  5309 | D:4      | Found a sparkling altar of Nemelex Xobeh.
  5310 | D:4      | Noticed Menkaure
  5311 | D:4      | Found a broken altar of Ashenzari.
  5321 | D:4      | Slain by Menkaure

Illustrated notes

Levels and vault maps discovered:
D:1:      lemuel_arrival_hallway, layout_basic, nicolae_eternal_life,
          minmay_misc_feat_square
D:2:      layout_loops_corners, basic_ecumenical_altar,
          kennysheep_decorative_pillar, uniq_natasha
D:3:      layout_basic, uniq_terence, uniq_sigmund
D:4:      layout_cave_pools, minitemple, serial_shops, shop,
          gup_sewer_entry_bubbles, uniq_blork_the_orc, uniq_pikel, uniq_menkaure

Skill      XL: |  1  2  3  4  5  6 |
---------------+-------------------+-----
Fighting       | 1 2 |  2.0
Spellcasting   | 3 4 5 |  5.6
Dodging        | |  2.1
Stealth        | |  1.5

Action                   |  1- 3 |  4- 6 |  7- 9 || total
-------------------------+-------+-------+-------++-------
Melee: Dagger            |    23 |       |       ||    23
       Staff             |       |    14 |       ||    14
Throw: Javelin           |       |     5 |       ||     5
 Cast: Magic Dart        |    66 |    17 |     6 ||    89
       Slow              |     3 |     2 |     3 ||     8
       Sandblast         |     9 |    33 |     4 ||    46
       Call Imp          |     1 |     4 |     1 ||     6
       Blink             |       |     1 |       ||     1
       Searing Ray       |       |     7 |     4 ||    11
       Mephitic Cloud    |       |     1 |       ||     1
       Dazzling Flash    |       |       |     1 ||     1
  Use: Scroll            |       |     9 |     1 ||    10
       Potion            |       |     9 |       ||     9
 Stab: Distracted        |       |     1 |       ||     1
Armor: Robe              |    13 |    11 |       ||    24
       Skin              |       |     6 |       ||     6
Dodge: Dodged            |    45 |    30 |    16 ||    91
